AoeStats
← Here's Jhony!

Runestones

507605820Analyzed
1v1 RM · 11d ago on Sep 19, 2026· 37m 38s· 2 players
Game mode
Random Map
Map size
Tiny (2 player)
Population
200
Speed
Normal
Resources
Standard
Victory
Conquest
Starting age
Dark Age
Ending age
Imperial Age
RankedLock teamsTeams togetherTeam positionsShared explorationLock speedFull tech treeHidden civsTurbo modeCheats
Victory
Defeat
🇦🇷 Burgundians · Argentina
847
+17
🇨🇴 Magyars · Colombia
864
-17
perroTeuton
12:21 Feudal Age
11:31 Loom
17:53 Castle Age
20:38 Wheelbarrow
20:59 Fletching
24:15 Gold Mining
28:18 Town Watch
28:26 Stone Mining
32:22 Man-at-Arms
Here's Jhony!
10:07 Feudal Age
9:34 Loom
10:43 Double-Bit Axe
13:50 Horse Collar
14:36 Scale Barding Armor
22:24 Castle Age
21:55 Gold Mining
22:12 Fletching
24:04 Husbandry
24:19 Heavy Plow
24:31 Bow Saw
25:07 Scale Mail Armor
28:46 Bloodlines
Connection lost

Rejoining the realm…

Still unreachable

The connection could not be restored.

Session expired

The server has moved on; the page needs a fresh start.